Map: Rhoskallian LE

Players

qqq - Winner!

  • Race: Zerg Zerg
  • League: Platinum
  • Spawn Location: 12:00

Massa - Winner!

  • Race: Terran Terran
  • League: Gold
  • Spawn Location: 11:00

Nitronik

  • Race: Zerg Zerg
  • Spawn Location: 6:00

Sarophan

  • Race: Zerg Zerg
  • Spawn Location: 5:00

VOD

Have the link to the VOD?

Description

Time

  • Played on: July 31, 2020, 1:53 p.m.
  • Length: 12:04
Show
View Real Time Build Order
Export as new Build Order

qqq Zerg - Winner!

Build Orders: Hatch First 

Get SALT Encoding   

  12  0:03  Drone  
  13  0:09  Drone  
  14  0:37  Hatchery  
  13  0:52  Spawning Pool  
  13  0:55  Drone  
  13  1:03  Overlord  
  13  1:08  Drone  
  14  1:11  Extractor  
  14  1:15  Drone  
  14  1:23  Drone  
  15  1:31  Drone  
  16  1:46  Queen  
  18  1:49  Queen  
  20  1:55  Drone  
  20  1:56  Drone  
  22  2:01  Drone  
  23  2:12  Drone  
  24  2:17  Overlord  
  24  2:22  Drone  
  25  2:24  Metabolic Boost  
  25  2:29  Drone  
  26  2:31  Zergling x2  
  26  2:34  Drone  
  28  2:38  Drone  
  28  2:44  Evolution Chamber  
  28  2:45  Zergling x2  
  28  2:48  Drone  
  30  2:54  Zergling x2  
  30  2:55  Drone  
  30  2:57  Drone  
  33  3:03  Overlord  
  33  3:05  Zergling x2  
  34  3:08  Drone  
  35  3:13  Zerg Melee Weapons Level 1  
  35  3:19  Zergling x2  
  36  3:25  Zergling x2, Overlord  
  35  3:41  Zergling x6  
  35  3:42  Drone  
  35  3:43  Drone, Zergling x4  
  35  3:44  Zergling x4  
  43  4:02  Zergling x4  
  45  4:03  Drone  
  46  4:12  Lair  
  46  4:14  Zergling x2  
  48  4:17  Drone  
  48  4:21  Zergling x6, Baneling Nest  
  48  4:22  Drone x2  
  52  4:25  Overlord x2  
  52  4:48  Drone x2  
  54  4:54  Zergling x4  
  54  4:56  Drone  
  57  5:00  Hatchery  
  56  5:08  Hatchery  
  54  5:29  Zergling x2  
  54  5:30  Drone x2, Zergling x4  
  54  5:31  Drone  
  60  5:40  Zerg Ground Armor Level 1  
  48  6:03  Baneling x8  
  48  6:05  Zergling x4  
  48  6:06  Drone, Zergling x2  
  48  6:07  Drone x2  
  48  6:09  Extractor  
  48  6:10  Extractor  
  52  6:11  Extractor  
  52  6:14  Drone x2  
  52  6:15  Drone  
  50  6:30  Zergling x4  
  50  6:31  Drone x3  
  55  6:33  Drone x3  
  58  6:42  Zergling x4  
  58  6:43  Drone x3  
  58  6:44  Zergling x6  
  65  6:49  Baneling x4  
  65  6:50  Baneling x4  
  65  6:52  Drone  
  65  6:53  Drone  
  64  7:15  Zergling x6  
  65  7:16  Zergling x6  
  65  7:17  Zergling x4  
  65  7:18  Hatchery  
  70  7:24  Hatchery, Zergling x2  
  70  7:25  Zergling x2  
  70  7:28  Hatchery  
  70  7:32  Hatchery  
  66  7:41  Zergling x6  
  66  7:42  Drone x3  
  71  7:45  Overlord x2  
  69  8:07  Baneling x5  
  69  8:14  Zergling x12  
  69  8:15  Drone x5  
  69  8:16  Drone  
  65  8:35  Zergling x4  
  65  8:36  Zergling x2  
  65  8:37  Zergling x2  
  65  8:41  Drone, Zergling x6  
  70  8:42  Drone x2, Zergling x2  
  70  8:43  Zergling x2  
  77  8:51  Zergling x4  
  77  8:52  Drone x3  
  77  8:53  Zergling x6  
  85  8:59  Zergling x4  
  85  9:00  Drone x2, Zergling x4  
  91  9:07  Zerg Melee Weapons Level 2  
  91  9:10  Hatchery  
  91  9:15  Hatchery, Zergling x4  
  91  9:16  Drone  
  91  9:17  Drone x4, Zergling x6  
  94  9:18  Zergling x2  
  94  9:20  Hatchery  
  94  9:24  Hatchery  
  88  9:42  Drone x6  
  88  9:43  Zergling x16  
  88  9:44  Zergling x10  
  88  9:45  Zergling x2  
  108  9:56  Hydralisk Den  
  108  9:58  Spore Crawler  
  106  10:01  Spore Crawler x2  
  106  10:02  Spore Crawler  
  106  10:04  Spore Crawler  
  102  10:13  Zergling x4  
  102  10:14  Drone x2, Zergling x4  
  106  10:15  Drone x3, Zergling x2  
  106  10:16  Overlord x3  
  106  10:17  Overlord x4  
  91  10:31  Zergling x8  
  85  10:47  Drone x2  
  85  10:48  Drone x6, Zergling x4  
  85  10:49  Zergling x10  
  100  10:50  Zergling x8  
  100  10:51  Zergling x16  
  100  10:52  Hydralisk x5  
  121  11:08  Zergling x4  
  121  11:09  Zergling x6  
  121  11:10  Zergling x18  
  130  11:17  Zergling x4  
  130  11:18  Zergling x4  
  132  11:19  Zergling x14  
  132  11:21  Zergling x4  
  132  11:22  Zergling x6  
  132  11:23  Zergling x12  
  144  11:27  Zergling x2  
  144  11:35  Zergling x4  
  144  11:37  Zergling x12  
  144  11:38  Hatchery, Zergling x2  
  152  11:46  Zergling x4  
  152  11:47  Zergling x4  
  152  11:48  Drone x2  
  156  11:54  Hatchery  
Show
View Real Time Build Order
Export as new Build Order

Massa Terran - Winner!

Build Orders: 2 Factory 

Get SALT Encoding   

  12  0:01  SCV  
  13  0:13  SCV  
  14  0:23  Supply Depot  
  14  0:25  SCV  
  15  0:35  Refinery  
  15  0:44  SCV  
  15  0:47  Barracks  
  16  0:57  SCV  
  17  1:08  Refinery  
  17  1:09  SCV  
  18  1:21  SCV  
  19  1:39  Orbital Command  
  19  1:46  Marine  
  20  1:48  Factory  
  20  2:04  Factory, Marine  
  21  2:33  Factory Tech Lab  
  21  2:35  Supply Depot  
  21  2:37  SCV  
  22  2:50  SCV  
  23  2:53  Factory Tech Lab  
  23  2:57  Siege Tank  
  26  3:00  Supply Depot  
  26  3:02  SCV  
  27  3:10  Marine  
  27  3:18  Siege Tank  
  29  3:28  Marine  
  30  3:41  Siege Tank  
  32  3:46  SCV  
  33  3:50  Siege Tank  
  36  4:08  Command Center  
  36  4:13  Siege Tank  
  39  4:21  Supply Depot  
  39  4:22  Supply Depot  
  39  4:42  SCV, Siege Tank  
  43  4:51  Siege Tank  
  46  4:54  SCV  
  47  5:06  SCV  
  48  5:07  Marine  
  48  5:13  Starport  
  49  5:19  SCV  
  50  5:25  Marine  
  51  5:31  SCV  
  52  5:40  Siege Tank  
  55  5:43  Marine  
  56  6:00  Marine  
  57  6:06  Siege Tank  
  60  6:18  Marine  
  61  6:35  Orbital Command  
  61  6:36  SCV, Marine  
  63  6:48  SCV  
  64  7:00  SCV  
  56  7:08  Siege Tank x2  
  56  7:12  SCV  
  56  7:22  Marine  
  51  7:24  SCV  
  52  7:30  Medivac  
  54  7:39  Marine  
  54  7:40  Barracks, Siege Tank  
  58  7:44  Barracks  
  58  7:57  Marine  
  59  8:15  Marine  
  59  8:16  Siege Tank x2  
  66  8:23  Command Center  
  66  8:33  Marine  
  66  8:52  Siege Tank x2  
  62  9:02  Marine  
  55  9:03  Marine x2  
  54  9:20  Marine x2  
  54  9:21  Marine  
  54  9:22  SCV x2  
  59  9:34  SCV x2  
  59  9:37  Marine  
  59  9:38  Orbital Command, Marine x2  
  64  9:46  SCV x2  
  64  9:48  Barracks  
  64  9:50  Barracks  
  66  9:54  Refinery  
  66  9:55  Marine  
  66  9:56  Marine x2  
  66  9:58  SCV  
  66  9:59  SCV  
  69  10:08  SCV  
  69  10:10  SCV  
  69  10:11  SCV  
  69  10:13  Marine  
  73  10:14  Marine x2  
  73  10:20  SCV  
  76  10:22  SCV  
  76  10:23  SCV  
  78  10:31  Marine  
  78  10:32  Marine x2  
  78  10:33  SCV  
  78  10:34  SCV  
  78  10:35  SCV  
  80  10:45  SCV  
  80  10:47  SCV  
  80  10:49  Marine x2  
  82  10:50  Marine  
  79  11:06  Siege Tank x2  
  85  11:14  Marine  
  85  11:15  Marine  
  85  11:17  Marine  
  85  11:49  Refinery  
  85  11:52  Command Center  
Show
View Real Time Build Order
Export as new Build Order

Nitronik Zerg 

Build Orders: Pool First 

Get SALT Encoding   

  12  0:01  Drone  
  13  0:13  Overlord  
  13  0:18  Drone  
  14  0:31  Drone x2  
  16  0:35  Drone  
  17  0:47  Spawning Pool  
  17  0:49  Drone  
  17  0:51  Extractor  
  17  0:57  Drone  
  17  1:17  Hatchery  
  16  1:22  Drone  
  16  1:23  Drone  
  18  1:32  Overlord  
  18  1:44  Zergling x2  
  19  1:47  Queen  
  19  1:51  Zergling x2  
  22  2:03  Metabolic Boost  
  22  2:05  Zergling x2  
  23  2:13  Zergling x2  
  24  2:23  Zergling x2  
  24  2:25  Queen  
  27  2:30  Zergling x2  
  27  2:35  Zergling x2  
  29  2:43  Drone, Baneling Nest  
  29  2:58  Overlord  
  29  3:12  Overlord x2  
  28  3:16  Overlord  
  28  3:19  Queen  
  30  3:22  Drone  
  31  3:29  Zergling x2  
  28  3:39  Zergling x6  
  28  3:41  Drone  
  32  3:48  Drone x2  
  34  3:57  Lair  
  34  4:05  Drone x2  
  34  4:08  Drone  
  37  4:13  Drone x2  
  39  4:25  Overlord  
  39  4:27  Drone x3  
  39  4:29  Baneling x2  
  42  4:35  Spore Crawler  
  42  4:36  Drone  
  42  4:39  Drone  
  43  4:47  Drone x4  
  43  4:51  Zergling x2  
  43  4:52  Zergling x2  
  49  5:01  Zergling x4, Overlord  
  51  5:25  Zergling x10  
  55  5:30  Drone x3  
  55  5:33  Queen  
  60  5:38  Drone  
  60  5:41  Baneling, Spore Crawler  
  60  5:42  Baneling x7  
  60  5:44  Queen, Zergling x2  
  63  6:03  Zergling x8  
  67  6:08  Zergling x6  
  70  6:12  Zergling x2  
  70  6:16  Overlord  
  71  6:20  Queen  
  71  6:30  Zergling x6  
  74  6:36  Zergling x6  
  77  6:43  Queen, Zergling x4  
  81  6:49  Zergling x2  
  81  6:51  Roach Warren  
  81  6:56  Queen  
  61  7:13  Zergling x6  
  61  7:14  Zergling x4  
  60  7:22  Zergling x2  
  54  7:26  Zergling x2  
  54  7:27  Queen  
  57  7:41  Baneling x3  
  57  7:42  Baneling x3, Zergling x4  
  57  7:44  Roach  
  60  7:48  Extractor  
  60  7:50  Roach  
  61  7:56  Roach  
  62  8:01  Zergling x2  
  63  8:05  Zergling x2  
  63  8:08  Roach  
  53  8:27  Zergling x4  
  53  8:28  Zergling x8  
  47  8:40  Extractor, Zergling x8  
  47  8:41  Zergling x2  
  51  8:46  Extractor  
  48  8:57  Zergling x2  
  48  8:58  Zergling x6  
  46  9:03  Zergling x2  
  46  9:09  Zergling x2  
  46  9:14  Roach  
  45  9:27  Zergling x2  
  45  9:28  Zergling x6  
  45  9:29  Queen  
  46  9:40  Baneling x3  
  46  9:41  Roach x3  
  52  9:45  Zergling x2  
  52  9:46  Spire  
  54  9:53  Roach  
  54  9:57  Spire  
  54  10:02  Roach  
  54  10:03  Glial Reconstitution  
  54  10:04  Burrow  
  54  10:05  Queen  
  58  10:07  Roach  
  58  10:08  Zergling x4, Roach  
  58  10:12  Roach  
  58  10:14  Zergling x2  
  65  10:31  Zergling x2  
  65  10:32  Zergling x2, Roach  
  67  10:36  Overlord x2  
  67  10:37  Overlord x2  
  67  10:41  Queen  
  65  10:45  Zergling x2  
  59  11:00  Zergling x6  
  62  11:07  Zergling x2  
  62  11:10  Roach  
  42  11:19  Zergling x2  
  36  11:26  Roach  
  36  11:28  Zergling x2  
  28  11:34  Zergling x2  
Show
View Real Time Build Order
Export as new Build Order

Sarophan Zerg 

Build Orders: Pool First 

Get SALT Encoding   

  12  0:01  Drone  
  13  0:16  Drone  
  13  0:18  Overlord  
  14  0:36  Spawning Pool  
  14  0:39  Drone  
  14  0:45  Drone  
  14  0:47  Drone  
  16  0:52  Extractor  
  16  0:53  Drone  
  16  1:05  Drone  
  17  1:19  Drone  
  17  1:25  Drone  
  19  1:34  Hatchery  
  19  1:37  Drone  
  19  1:44  Queen  
  21  1:51  Overlord  
  21  1:56  Drone  
  22  2:16  Overlord  
  22  2:22  Metabolic Boost  
  22  2:26  Zergling x2  
  23  2:33  Zergling x2  
  24  2:43  Zergling x2  
  25  2:52  Zergling x2  
  25  2:53  Zergling x8  
  30  2:58  Queen  
  30  3:00  Queen  
  34  3:13  Zergling x8  
  38  3:20  Overlord  
  37  3:49  Drone x6  
  43  4:03  Drone x3  
  43  4:05  Lair  
  43  4:07  Extractor  
  43  4:08  Drone x4  
  49  4:25  Pneumatized Carapace  
  49  4:30  Baneling Nest  
  48  4:35  Drone x4  
  52  4:51  Overlord x2  
  52  5:22  Baneling x4  
  46  5:55  Zergling x6  
  46  5:56  Zergling x2  
  47  6:01  Zergling x12  
  47  6:02  Zergling x4  
  55  6:06  Baneling  
  54  6:13  Zergling x4  
  54  6:17  Extractor  
  55  6:22  Roach Warren, Queen  
  55  6:24  Evolution Chamber  
  45  6:32  Baneling  
  45  6:33  Baneling x2  
  40  6:49  Overlord  
  40  6:50  Drone x4  
  44  6:55  Extractor, Zergling x10  
  47  7:05  Queen  
  45  7:25  Zergling x8  
  45  7:26  Zergling x2  
  47  7:33  Zergling x2  
  47  7:36  Queen  
  46  7:49  Baneling x4  
  46  7:51  Zergling x2, Overlord, Roach  
  46  7:52  Zergling x2  
  48  8:17  Roach x3  
  48  8:18  Roach  
  56  8:20  Baneling  
  56  8:21  Baneling x3  
  56  8:31  Zergling x6  
  55  8:45  Zergling x4, Roach  
  46  9:03  Zergling x2  
  46  9:04  Drone, Zergling x2  
  48  9:10  Zergling x2  
  48  9:19  Zergling x4  
  48  9:25  Baneling x2  
  48  9:27  Roach x2  
  48  9:31  Baneling x4  
  52  9:44  Spine Crawler  
  52  9:45  Spine Crawler  
  50  9:48  Spine Crawler  
  50  9:49  Spine Crawler  
  46  9:58  Zergling x4  
  46  9:59  Zergling x2, Roach x3  
  59  10:00  Roach x2  
  58  10:08  Zergling x2  
  56  10:30  Zergling x2  
  56  10:31  Roach x4  
  64  10:38  Spine Crawler  
  61  10:50  Zergling x6  
  61  10:51  Zergling x8  
  59  11:04  Zergling x2  
  59  11:05  Roach x2  
  51  11:35  Baneling x3  
  51  11:36  Zergling x10  
Tags
 
Add a new tag
Caveats
  • Supply blocks, unpowered buildings, or Contaminate may cause inaccurate times.
  • Supply counts are checked every 10 seconds.